 Dungeon Crawl Stone Soup version 0.27-a0-328-g7f782ed93a (webtiles) character file.

Game seed: 371369429148558513

23 Chiseanne the Sneak (level 2, 0/16 HPs)
             Began as a Spriggan Delver on Feb 11, 2021.
             Succumbed to a scorpion's poison
             ... on level 6 of the Dungeon.
             The game lasted 00:00:44 (87 turns).

Chiseanne the Sneak (Spriggan Delver)                 Turns: 87, Time: 00:00:44

Health: 0/16       AC:  2    Str:  8    XL:     2   Next: 75%
Magic:  3/3        EV: 18    Int: 11    God:
Gold:   17         SH:  0    Dex: 16    Spells: 1/1 levels left

rFire    . . .     SeeInvis +   a - +0 short sword
rCold    . . .     Faith    .   (shield restricted)
rNeg     . . .     Spirit   .   b - +0 robe
rPois    .         Reflect  .   (helmet restricted)
rElec    .         Harm     .   (no cloak)
rCorr    .         Rampage  .   (gloves unavailable)
Will     .....                  (boots unavailable)
Stlth    ++++......             (no amulet)
HPRegen  0.05/turn              (no ring)
MPRegen  0.08/turn              (no ring)

@: lethally poisoned (0 -> -7), hasted, very quick
A: very small, unfitting armour, see invisible, speed 3
a: no special abilities


You were on level 6 of the Dungeon.
You visited 1 branch of the dungeon, and saw 2 of its levels.

You collected 17 gold pieces.

Inventory:

Hand Weapons
 a - a +0 short sword (weapon)
Missiles
 h - 12 stones (quivered)
Armour
 b - a +0 robe (worn)
Wands
 g - a wand of digging (3)
Scrolls
 c - a scroll of fog
 d - a scroll of magic mapping
 e - a scroll of fear
 i - a scroll of blinking {unknown}


   Skills:
 - Level 2.4 Fighting
 * Level 2.7 Short Blades
 * Level 3.4 Dodging
 * Level 7.7 Stealth


You had one spell level left.
You didn't know any spells.
Your spell library was empty.

Dungeon Overview and Level Annotations

Branches:
Dungeon (6/15)
 Temple: D:4-7

Altars:


Innate Abilities, Weirdness & Mutations

You are very small and have problems with some larger weapons.
You are too small for most types of armour.
You have supernaturally acute eyesight. (SInv)
You cover ground extremely quickly.


Message History

The quokka closely misses you.
You closely miss the quokka.
The quokka is severely wounded.
The quokka barely misses you.
You hit the quokka.
You kill the quokka!
You see here a quokka corpse.
An adder comes into view.
A scorpion comes into view.
Found a sharpened brass wand.
A gnoll shaman comes into view. It is wielding a +0 club.
A gnoll comes into view. It is wielding a +0 spear.
The scorpion stings you.
You are lethally poisoned!
The scorpion poisons you!
You feel sick.
A gnoll comes into view.
You feel sick.
There is a stone staircase leading down here.
* * * LOW HITPOINT WARNING * * *
You feel sick.
You climb downwards.
There is a stone staircase leading up here.
Okay, then.
Okay, then.
You feel yourself speed up.
* * * LOW HITPOINT WARNING * * *
You feel sick.
A worker ant comes into view.
* * * LOW HITPOINT WARNING * * *
You feel sick.
The helpless worker ant fails to defend itself.
You impale the worker ant!!
You kill the worker ant!
Your Dodging skill increases to level 3!
You have reached level 2!
* * * LOW HITPOINT WARNING * * *
You feel sick.
You see here a worker ant corpse.
You die...

...####.###..#.#.#
...............#
..#####.###.##.#
#†# #.# .# #.# #.#
# #.# #.#
####.#.###.##.#
...............#
..###.#.#@#.####
#.#.#.# # #.#.#
#.#.# ....# ..#.#
..#.# ?..


There were no monsters in sight!

Vanquished Creatures
  A worker ant (D:6)
  A quokka (D:5)
2 creatures vanquished.

Notes
Turn   | Place    | Note
-------+----------+-------------------------------------------
     0 | D:5      | Chiseanne the Spriggan Delver began the quest for the Orb.
     0 | D:5      | Reached XP level 1. HP: 11/11 MP: 2/2
    50 | D:5      | Noticed a scorpion
    63 | D:5      | Noticed a gnoll shaman
    77 | D:6      | Noticed a worker ant
    81 | D:6      | Killed a worker ant
    82 | D:6      | Reached XP level 2. HP: 2/16 MP: 3/3
    87 | D:6      | Succumbed to a scorpion's poison

Illustrated notes

Levels and vault maps discovered:
D:5:      layout_basic, serial_shops, nicolae_shop_behind_doors, uniq_menkaure
D:6:      minmay_polygon_palace, layout_basic, kennysheep_little_box,
          marbit_many_paths, serial_rivers, chequers_serial_rivers_micro_d,
          chequers_serial_rivers_small_b, chequers_serial_rivers_marsh,
          chequers_serial_rivers_room_a, minmay_mini_ossuary

Skill      XL: |  1 |
---------------+----+-----
Dodging        | 3 |  3.4
Fighting       | |  2.4
Short Blades   | |  2.7
Stealth        | |  7.7

Action                   || total
-------------------------++-------
Melee: Short sword       ||     6
  Use: Potion            ||     1
 Stab: Sleeping          ||     1
Dodge: Dodged            ||     4

Table legend: (Time is in decaauts)
 A = Elapsed time spent in this place.
 B = Non-inter-level travel time spent in this place.
 C = Inter-level travel time spent in this place.
 D = Time resting spent in this place.
 E = Time spent auto-exploring this place.
 F = Levels seen in this place.
 G = Mean time per level.
                   A        B        C        D        E       F      G
               +--------+--------+--------+--------+--------+-----+--------+
         Total |     54 |     54 |      0 |      0 |      0 |   2 |   27.0 |
       Dungeon |     54 |     54 |      0 |      0 |      0 |   2 |   27.0 |
               +--------+--------+--------+--------+--------+-----+--------+

Top non-repeatable levels by time:
     D:5: 48 daAuts
     D:6: 6 daAuts
